 Dungeon Crawl Stone Soup version 0.20-a0-1117-g62da73f (webtiles) character file.

2132 MydosGodOfBeginnings the Magician (level 9, 0/50 HPs)
             Began as a Vine Stalker Transmuter on May 9, 2017.
             Was a Believer of Vehumet.
             Succumbed to a killer bee's poison
             ... on level 8 of the Dungeon.
             The game lasted 00:30:45 (7825 turns).

MydosGodOfBeginnings the Magician (VSTm)            Turns: 7825, Time: 00:30:46

Health: 0/50       AC:  6    Str: 13    XL:     9   Next: 30%
Magic:  2/21       EV: 11    Int: 16    God:    Vehumet [**....]
Gold:   413        SH:  0    Dex: 15    Spells: 13/23 levels left

rFire    x . .     SeeInvis .     - Unarmed
rCold    + + +     Gourm    .   (shield currently unavailable)
rNeg     . . .     Faith    .   (armour currently unavailable)
rPois    +         Spirit   +   (helmet currently unavailable)
rElec    .         Reflect  .   (cloak currently unavailable)
rCorr    .         Harm     .   (gloves currently unavailable)
MR       ++...                  (boots currently unavailable)
Stlth    +.........             (no amulet)
Regen    0.6/turn               G - ring of protection from magic
MPRegen  0.2/turn               l - +3 ring of slaying

@: lethally poisoned (0 -> -11), ice-form
A: regeneration 1, magic shield, no potion heal 3, rot immunity
a: End Transformation, Renounce Religion


You were on level 8 of the Dungeon.
You worshipped Vehumet.
Vehumet was pleased with you.
You were not hungry.
You were a creature of crystalline ice.
You visited 2 branches of the dungeon, and saw 9 of its levels.

You collected 458 gold pieces.
You spent 45 gold pieces at shops.

Inventory:

Missiles
 a - 44 arrows
Armour
 b - a +0 robe (melded)
 h - a +0 helmet (melded)
 E - a +1 pair of gloves (melded)
Jewellery
 i - an uncursed ring of positive energy
 l - a +3 ring of slaying (right front paw)
 C - an uncursed ring of ice
 G - a ring of protection from magic (left front paw)
Wands
 m - a wand of flame (18/48)
 s - a wand of digging (13/24)
 H - a wand of lightning (5/15)
 J - a wand of acid (7/15)
Scrolls
 e - 3 scrolls of teleportation
 k - 5 scrolls of identify
 o - 10 scrolls of remove curse
 p - 4 scrolls of magic mapping
 t - a scroll of immolation {unknown}
 y - 3 scrolls of recharging {unknown}
 A - a scroll of blinking {unknown}
 D - a scroll of fog {unknown}
 F - a scroll of enchant armour {unknown}
 I - a scroll of fear {unknown}
Potions
 j - a potion of magic {unknown}
 n - 7 potions of curing
 q - 3 potions of brilliance {unknown}
 u - 2 potions of heal wounds {unknown}
 v - 2 potions of degeneration {unknown}
 w - a potion of mutation {unknown}
 x - a potion of flight {unknown}
 z - a potion of agility {unknown}
 K - a potion of might {unknown}
Books
 c - a book of Changes

   Spells                             Type                      Level
   a - Beastly Appendage              Transmutation                1
   b - Sticks to Snakes               Transmutation                2
   c - Spider Form                    Transmutation/Poison         3
   d - Ice Form                       Ice/Transmutation            4
   e - Blade Hands                    Transmutation                5
Comestibles
 d - 6 bread rations
 f - 3 royal jellies
 r - 7 fruits
 B - a meat ration
 L - 2 chunks of flesh


   Skills:
 - Level 2.1 Fighting
 - Level 2.6 Dodging
 - Level 3.4 Unarmed Combat
 + Level 7.9 Spellcasting
 - Level 6.2 Transmutations
 * Level 4.3 Ice Magic
 - Level 3.5 Poison Magic


You had 13 spell levels left.
You knew the following spells:

 Your Spells              Type           Power        Failure   Level  Hunger
a - Beastly Appendage     Tmut           ####..       1%          1    None
b - Sticks to Snakes      Tmut           ####....     1%          2    None
c - Spider Form           Tmut/Pois      ###.......   4%          3    ##.....
d - Ice Form              Ice/Tmut       ###.....     13%         4    ####...


Dungeon Overview and Level Annotations

Branches:
Dungeon (8/15)             Temple (1/1) D:4
   Lair: D:8-11

Altars:
Ashenzari
Cheibriados
Dithmenos
Elyvilon
Fedhas
Gozag
Hepliaklqana
Kikubaaqudgha
Makhleb
Nemelex Xobeh
Okawaru
Qazlal
Ru
Sif Muna
Trog
Uskayaw
Vehumet
Wu Jian
Xom
Yredelemnul
Zin
The Shining One

Shops:
D:5 *   D:7 !


Innate Abilities, Weirdness & Mutations

((You have razor-sharp teeth.))
Your natural rate of healing is unusually fast.
When hurt, damage is shared between your health and your magic reserves.
((Your bite disrupts and absorbs the magic of your enemies.))
Potions cannot restore your health.
You are immune to rotting.


Message History

You are more poisoned.
The killer bee poisons you!
You punch the killer bee! You freeze the killer bee.
The killer bee is almost dead.
* * * LOW HITPOINT WARNING * * *
You feel sick. The killer bee stings you.
* * * LOW HITPOINT WARNING * * *
Okay, then.
You hit the killer bee but do no damage.
The killer bee is almost dead.
* * * LOW HITPOINT WARNING * * *
You feel sick.
The killer bee stings you but does no damage.
The killer bee stings you.
* * * LOW HITPOINT WARNING * * *
You punch the killer bee! You freeze the killer bee.
You kill the killer bee!
Vehumet accepts your kill.
You feel your power returning.
You die...

,,,***,,,,.............*
,,,* ***,***#.r..y..#*,*
,,,*****.####.###yy.#*,*
,,,+,,,,............##.*
,,,*****,####..........#
,,,*,,,,,* #..........#
,,,*****,* #..........#
**** *,* #..####....#***
*,* #..†Y†.......,***
*,***#..####.#$###,,,**
*,*,*#..#***,*.#,,,*,,*
*,,,...?.,,,,,,,,,,,,,*
*,,.###.#*****,,,,,,,,**
**#,**#.# ***,,∩,,,,*
*,,,..# *,,,,,*,*
*,**##* *,,,,,*,* *,*
****,,*,*


There were no monsters in sight!

Vanquished Creatures
  Eustachio (D:6)
  An orc warrior (D:7)
  2 phantoms
  3 ice beasts
  3 ogres
  2 bullfrogs
  A scorpion (D:7)
  4 killer bees (D:8)
  5 crimson imps
  2 jellies
  2 hounds
  3 iron imps (D:5)
  Jessica (D:3)
  2 iguanas
  5 orc wizards
  2 worker ants (D:4)
  A killer bee zombie (D:7)
  A hound skeleton (D:4)
  A howler monkey skeleton (D:6)
  8 adders
  2 shadow imps (D:6)
  An ooze (D:1)
  An adder skeleton (D:6)
  A worm (D:2)
  2 dart slugs (D:2)
  8 leopard geckos
  8 orcs
  A ball python (D:6)
  A giant cockroach (D:2)
  9 goblins
  5 hobgoblins
  16 jackals
  6 quokkas
  4 bats
  7 frilled lizards
  5 kobolds
  A quokka zombie (D:6)
  9 rats
  A butterfly (D:4)
138 creatures vanquished.

Notes
Turn   | Place    | Note
-------+----------+-------------------------------------------
     0 | D:1      | MydosGodOfBeginnings the Vine Stalker Transmuter began the quest for the Orb.
     0 | D:1      | Reached XP level 1. HP: 9/9 MP: 4/4
   232 | D:1      | Reached XP level 2. HP: 14/14 MP: 4/6
   474 | D:1      | Learned a level 2 spell: Sticks to Snakes
  1208 | D:1      | Reached XP level 3. HP: 17/17 MP: 7/7
  1565 | D:1      | Learned a level 3 spell: Spider Form
  2304 | D:2      | Gained mutation: Your natural rate of healing is unusually fast. [Vine Stalker growth]
  2304 | D:2      | Reached XP level 4. HP: 14/21 MP: 8/8
  2687 | D:2      | Reached skill level 3 in Spellcasting
  3454 | D:3      | Noticed an ogre
  3482 | D:3      | Killed an ogre
  3482 | D:3      | Reached XP level 5. HP: 25/25 MP: 3/11
  3610 | D:3      | Noticed Jessica
  3620 | D:3      | Killed Jessica
  3620 | D:3      | Reached skill level 5 in Transmutations
  3620 | D:3      | Reached XP level 6. HP: 29/29 MP: 10/12
  4008 | D:4      | Reached skill level 1 in Poison Magic
  4309 | D:4      | Noticed an ice beast
  4324 | D:4      | Killed an ice beast
  4324 | D:4      | Reached XP level 7. HP: 11/32 MP: 3/13
  4724 | D:4      | Found a staircase to the Ecumenical Temple.
  4824 | Temple   | Entered the Ecumenical Temple
  5038 | Temple   | Became a worshipper of Vehumet
  5166 | D:5      | Entered Level 5 of the Dungeon
  5265 | D:5      | Reached skill level 1 in Fighting
  5377 | D:5      | Reached skill level 4 in Spellcasting
  5395 | D:5      | Found Nuicriot's Serpentskin Sales.
  5639 | D:5      | Found a burning altar of Makhleb.
  5696 | D:5      | Gained mutation: You have razor-sharp teeth. [Vine Stalker growth]
  5696 | D:5      | Reached XP level 8. HP: 25/39 MP: 7/15
  6049 | D:5      | Learned a level 4 spell: Ice Form
  6158 | D:6      | Reached * piety under Vehumet
  6158 | D:6      | Offered knowledge of Flame Tongue by Vehumet.
  6219 | D:6      | Noticed Eustachio
  6275 | D:6      | Killed Eustachio
  6275 | D:6      | Reached skill level 5 in Spellcasting
  6275 | D:6      | Reached skill level 1 in Ice Magic
  6803 | D:6      | Reached skill level 6 in Spellcasting
  7339 | D:7      | Reached XP level 9. HP: 36/42 MP: 12/20
  7348 | D:7      | Reached skill level 7 in Spellcasting
  7409 | D:7      | Found Daav's Distillery.
  7416 | D:7      | Bought a potion of curing for 45 gold pieces
  7808 | D:8      | Reached ** piety under Vehumet
  7808 | D:8      | Offered knowledge of Shock by Vehumet.
  7824 | D:8      | HP: 2/50 [poisoned by a killer bee]
  7825 | D:8      | Succumbed to a killer bee's poison

Vault maps used:
D:1:      elethiomel_arrival_infinity_welcomes_careful_drivers
D:2:      first_bread
D:3:      wad_lake_hut, kennysheep_jessica_study
D:4:      minmay_temple_entry_butterflies
D:5:      demons_altar, guppyfry_shop_venom
D:6:      uniq_eustachio
D:7:      serial_shops, nicolae_shop_stone
D:8:      enter_ossuary_1, grunt_livestock
Temple:   roderic_octagonal_lattice_temple

Skill      XL: |  1  2  3  4  5  6  7  8  9 |
---------------+----------------------------+-----
Transmutations | 3 4 5 6 |  6.2
Spellcasting   | 3 4 6 7 |  7.9
Poison Magic   | 3 |  3.5
Fighting       | 2 |  2.1
Dodging        | 2 |  2.6
Ice Magic      | 3 4 |  4.3
Unarmed Combat | |  3.4

Action                   |  1- 3 |  4- 6 |  7- 9 || total
-------------------------+-------+-------+-------++-------
Melee: Unarmed           |   121 |   109 |   282 ||   512
       Bite              |    28 |    28 |    42 ||    98
       Kick              |    18 |    19 |    47 ||    84
       Punch             |     1 |     2 |     2 ||     5
       Headbutt          |     1 |       |       ||     1
 Cast: Beastly Appendage |    23 |    17 |    30 ||    70
       Sticks to Snakes  |       |     5 |     1 ||     6
       Spider Form       |       |     4 |     8 ||    12
       Ice Form          |       |       |     1 ||     1
 Abil: End Transformatio |       |       |     1 ||     1
Evoke: Wand              |       |     4 |     1 ||     5
  Use: Scroll            |       |     2 |     3 ||     5
 Stab: Sleeping          |       |       |     2 ||     2
  Eat: Chunk             |     5 |     7 |    12 ||    24
Armor: Robe              |    19 |    14 |    31 ||    64
       Skin              |       |     1 |     9 ||    10
Dodge: Dodged            |    76 |    57 |   156 ||   289
